 Dungeon Crawl Stone Soup version 0.29-a0-813-g4a14ea37d6 (webtiles) character file.

Game seed: 5664806974756427886

19 gobodom the Sneak (level 2, -1/15 HPs)
             Began as a Kobold Enchanter on July 4, 2022.
             Was a Follower of Fedhas.
             Slain by a worm (5 damage)
             ... on level 2 of the Dungeon.
             The game lasted 00:03:47 (1646 turns).

gobodom the Sneak (Kobold Enchanter)                Turns: 1646, Time: 00:03:47

Health: -1/15      AC:  3    Str:  5    XL:     2   Next: 95%
Magic:  0/5        EV: 15    Int: 16    God:    Fedhas [*.....]
Gold:   182        SH:  0    Dex: 15    Spells: 3/5 levels left

rFire   . . .      SeeInvis .   a - +1 dagger
rCold   . . .      Faith    .   (no shield)
rNeg    . . .      Spirit   .   b - +0 robe
rPois   .          Reflect  .   (no helmet)
rElec   .          Harm     .   (no cloak)
rCorr   .          Rampage  .   (no gloves)
Will    .....                   h - +0 pair of boots
Stlth   ++++......              (no amulet)
HPRegen 0.05/turn               (no ring)
MPRegen 0.09/turn               (no ring)

@: no status effects
A: small, no large weapons, nightstalker 3
a: Renounce Religion


You were on level 2 of the Dungeon.
You worshipped Fedhas.
Fedhas was aware of your devotion.
You visited 1 branch of the dungeon, and saw 2 of its levels.

You collected 182 gold pieces.

Inventory:

Hand Weapons
 a - a +1 dagger (weapon)
Armour
 b - a +0 robe (worn)
 h - a +0 pair of boots (worn)
 i - the +1 ring mail "Decrim" {rF+ Int+2 Slay+2}
   (You found it on level 2 of the Dungeon)

   Int:       It affects your intelligence (+2).
   Slay:      It affects your accuracy & damage with ranged weapons and melee
   (+2).
   rF:        It protects you from fire.
 l - the +0 ring mail of Fortitude {rC- rCorr MP+9 Dex+6}
   (You found it on level 2 of the Dungeon)

   Dex:       It affects your dexterity (+6).
   rC:        It makes you vulnerable to cold.
   MP:        It affects your magic capacity (+9).
   rCorr:     It protects you from acid and corrosion.
Scrolls
 j - a scroll of immolation {unknown}
 k - a scroll of enchant weapon {unknown}
 m - a scroll of noise {unknown}
Potions
 c - 2 potions of invisibility
 d - 4 potions of attraction {unknown}
 e - 2 potions of heal wounds {unknown}
 f - a potion of curing {unknown}
 g - 2 potions of might {unknown}


   Skills:
 + Level 1.3 Short Blades
 + Level 2.4 Dodging
 + Level 4.9 Stealth
 + Level 2.4 Spellcasting
 + Level 3.1 Hexes


You had 3 spell levels left.
You knew the following spells:

 Your Spells              Type           Power      Damage    Failure   Level
a - Ensorcelled Hibernat  Hex/Ice        14%        N/A       16%         2

Your spell library contained the following spells:

 Spells                   Type           Power      Damage    Failure   Level
 Confusing Touch          Hex            12%        N/A       16%         3
 Tukima's Dance           Hex            12%        N/A       16%         3
 Sandblast                Erth           2%         2d4       21%         1
 Passwall                 Tmut/Erth      0%         N/A       30%         2
 Dazzling Flash           Conj/Hex       14%        N/A       30%         3
 Stone Arrow              Conj/Erth      2%         3d7       52%         3


Dungeon Overview and Level Annotations

Branches:
Dungeon (2/15)

Altars:
Fedhas


Innate Abilities, Weirdness & Mutations

You are small and have problems with some larger weapons.
You are completely attuned to the shadows.


Message History

You don't have enough magic to cast this spell.
Unknown command.
You completely miss the worm. You hit the worm.
The worm is moderately wounded.
The worm closely misses you.
You hit the worm but do no damage.
The worm is lightly wounded.
The worm bites you!
Ouch! That really hurt!
You barely miss the worm.
The worm is lightly wounded.
You hit the worm but do no damage.
The worm is lightly wounded.
The worm closely misses you.
Casting: Ensorcelled Hibernation (safe; 16% risk of failure)
Confirm with . or Enter, or press ? or * to list all spells.
You don't have enough magic to cast this spell.
You see here a hobgoblin corpse.
Casting: Ensorcelled Hibernation (safe; 16% risk of failure)
Confirm with . or Enter, or press ? or * to list all spells.
You don't know that spell.
Your magical contamination has completely faded away.
Casting: Ensorcelled Hibernation (safe; 16% risk of failure)
Confirm with . or Enter, or press ? or * to list all spells.
Aiming: Ensorcelled Hibernation (safe; 16% risk of failure)
Press: ? - help, Shift-Dir - straight line, f/p - worm
Aim: a worm (chance to affect: 50%)
The worm looks drowsy...
You hit the worm.
The worm is lightly wounded.
The worm bites you.
* * * LOW HITPOINT WARNING * * *
You hit the worm.
The worm is lightly wounded.
You hit the worm but do no damage.
The worm is lightly wounded.
The worm bites you.
You die...
Fedhas appreciates your contribution to the ecosystem.

.. ##......# .##
##)..#.# ..#
##.##.# .#.#
#.##.# )..# ##+#
#.##.# ...# #..##
##.##.# ...#
#..8#######..##.#
...#
#.......##.###.#
...#
##...w@..'..# #.#
...#
#†.8######..# #.#
.### #..## ##.#
#.# .# ##'# #.#
#.# ## ... #.#
#.# ...# #.# ###
###### #.# #.#
#.# #.##.#
#######†# #.# #.#
#.##.# #.......#


You could see a worm.

Vanquished Creatures
  A ball python (D:2)
  2 endoplasms (D:2)
  2 goblins
  2 hobgoblins (D:2)
  3 bats (D:2)
  3 frilled lizards
  3 kobolds
  3 rats (D:2)
19 creatures vanquished.

Vanquished Creatures (others)
  5 toadstools (D:1)
5 creatures vanquished.

Grand Total: 24 creatures vanquished

Notes
Turn   | Place    | Note
-------+----------+-------------------------------------------
     0 | D:1      | gobodom the Kobold Enchanter began the quest for the Orb.
     0 | D:1      | Reached XP level 1. HP: 10/10 MP: 3/3
   433 | D:1      | Found a faded altar of an unknown god.
   437 | D:1      | Prayed at the altar of an unknown god.
   437 | D:1      | Became a worshipper of Fedhas Madash
   437 | D:1      | Reached * piety under Fedhas
  1065 | D:2      | Reached XP level 2. HP: 15/15 MP: 5/5
  1130 | D:2      | Learned a level 2 spell: Ensorcelled Hibernation
  1347 | D:2      | Identified the +1 ring mail "Decrim" {rF+ Int+2 Slay+2}
  1522 | D:2      | Identified the +0 ring mail of Fortitude {rC- rCorr MP+9
                  | Dex+6}
  1646 | D:2      | Slain by a worm

Illustrated notes

Levels and vault maps discovered:
D:1:      minmay_arrival_semitransparent, layout_loops_corners,
          shapermc_ecumenical_altar_mp_highgroup, minmay_gold_behind_fungi
D:2:      minmay_chambers_of_twos, layout_loops_ring, minmay_misc_feat_five

Action                   || total
-------------------------++-------
Melee: Dagger            ||    42
 Cast: Ensorcelled Hiber ||     3
 Stab: Sleeping          ||    12
Armor: Robe              ||     5
Dodge: Dodged            ||    10

Table legend: (Time is in decaauts)
 A = Elapsed time spent in this place.
 B = Non-inter-level travel time spent in this place.
 C = Inter-level travel time spent in this place.
 D = Time resting spent in this place.
 E = Time spent auto-exploring this place.
 F = Levels seen in this place.
 G = Mean time per level.
                   A        B        C        D        E       F      G
               +--------+--------+--------+--------+--------+-----+--------+
         Total |   1645 |   1587 |     58 |      0 |   1374 |   2 |  822.5 |
       Dungeon |   1645 |   1587 |     58 |      0 |   1374 |   2 |  822.5 |
               +--------+--------+--------+--------+--------+-----+--------+

Top non-repeatable levels by time:
     D:1: 1006 daAuts
     D:2: 638 daAuts
